 Dungeon Sprint DCSS version 0.19.0-20-gbc5f0c6 (webtiles) character file.

7683 LORDOFBUTT the Ninja (level 11, -14/49 HPs)
             Began as a Spriggan Assassin on Nov 16, 2016.
             Was a High Priest of Dithmenos.
             Engulfed by a cloud of freezing vapour (26 damage)
             ... in the Dungeon (Sprint I: "Red Sonja").
             The game lasted 00:04:31 (1214 turns).

LORDOFBUTT the Ninja (Spriggan Assassin)            Turns: 1214, Time: 00:04:31

Health: -14/49     AC:  5    Str:  8    XL:     11   Next: 0%
Magic:  12/12      EV: 17    Int: 13    God:    Dithmenos [*****.]
Gold:   849        SH:  0    Dex: 20    Spells: 0 memorised, 10 levels left

rFire  . . .     SeeInvis +     a - +2 dagger
rCold  . . .     Gourm    .     o - +2 robe of Maipil {*Slow rPois Slay+5 SInv}
rNeg   . . .     Faith    .     (shield restricted)
rPois  +         Spirit   .     (helmet restricted)
rElec  .         Reflect  .     d - +0 cloak
rCorr  .         Harm     .     (gloves unavailable)
MR     +....     NoTele   +     (boots unavailable)
Stlth  ++++++++++               (no amulet)
                                (no ring)
                                (no ring)

@: wreathed by umbra, very quick
A: unfitting armour, see invisible, herbivore 3, speed 3, slow metabolism 2
a: Shadow Step, Shadow Form, Renounce Religion


You were in the Dungeon.
You worshipped Dithmenos.
Dithmenos was extremely pleased with you.
You were not hungry.

You visited 1 branch You collected 1305 gold pieces.
You spent 456 gold pieces at shops.

Inventory:

Hand Weapons
 a - a +2 dagger (weapon)
 b - a +0 blowgun
Missiles
 e - 8 poisoned needles
 f - 9 curare-tipped needles
Armour
 d - a +0 cloak (worn)
 o - the +2 robe of Maipil (worn) {*Slow rPois Slay+5 SInv}
   (You bought it in a shop in the Dungeon)

   It affects your accuracy and damage with ranged weapons and melee attacks
   (+5).
   It protects you from poison.
   It lets you see invisible.
   It may slow you when you take damage.
Wands
 n - a wand of digging (11/24)
Scrolls
 c - 2 scrolls of remove curse {unknown}
 m - a scroll of blinking
 p - a scroll of fog {unknown}
 r - a scroll of enchant weapon {unknown}
Potions
 h - 4 potions of curing
 i - a potion of heal wounds
 j - a potion of haste
 k - 2 potions of magic
 l - a potion of berserk rage
 q - a potion of mutation {unknown}
Comestibles
 g - 2 bread rations


   Skills:
 - Level 1.5 Fighting
 + Level 17.7 Short Blades
 - Level 2.0 Throwing
 - Level 1.5 Dodging
 O Level 27 Stealth


You had 10 spell levels left.
You didn't know any spells.

Dungeon Overview and Level Annotations

Branches:
Dungeon (1/1)

Altars:
Cheibriados
Dithmenos
Elyvilon
Fedhas
Gozag
Hepliaklqana
Kikubaaqudgha
Makhleb
Nemelex Xobeh
Okawaru
Qazlal
Ru
Sif Muna
Trog
Uskayaw
Vehumet
Xom
Yredelemnul
Zin
The Shining One
Jiyva
Lugonu

Shops:
D ?([


Innate Abilities, Weirdness & Mutations

You are very small and have problems with some larger weapons.
You are too small for most types of armour.
You have supernaturally acute eyesight. (SInv)
You are a herbivore.
You cover ground extremely quickly.
You need consume almost no food.


Message History

You now have 822 gold pieces (gained 27).
Really walk into a travel-excluded area?
Okay, then.
Press: ? - help, v - describe, . - travel, g - get item 27 gold pieces.
The floor.
This square is wreathed by an umbra.
There is a cloud of freezing vapour here.
Really walk into a travel-excluded area?
Found 81 gold pieces.
You now have 849 gold pieces (gained 27).
You are engulfed in freezing vapours.
You emit a cloud of dark smoke.
You are engulfed in freezing vapours.
You start resting.
You are engulfed in freezing vapours.
* * * LOW HITPOINT WARNING * * *
You emit a cloud of dark smoke.
You open the large door.
You are engulfed in freezing vapours.
Ouch! That really hurt!
You die...

..'..#...##'# ###
__####)..'†.# #.###
###.(#####††+ #'#.###
§≈§§§#.§##'####^..#y#
≈§§§§§§§#.§...#...###
§≈§§)#§§#.§^§.'.....#
#§#####§###.§§#^....#
((..###.'§#§^§###''##
#'###(###§#§.###@§##
....'[∩##§#.^# ##§§#
#########§##'# #§§#
....§§.##§##.#$$§§$$$$$#
...§..§§§.####$$§$$$$$$#
+++######§# +$$$$$$####
#§# ##$$$### +§# #####
###


You could see a meliai.

Vanquished Creatures
  A lorocyproca (D)
  2 centaur warriors (D)
  Sonja (D)
  A deep troll (D)
  2 unseen horrors (D)
  An oklob plant (D)
  A gargoyle (D)
  2 kobold demonologists (D)
  4 demonic crawlers (D)
  A hornet (D)
  A slime creature (D)
  A yak (D)
  2 redbacks (D)
  Sigmund (D)
  A floating eye (D)
  An ogre (D)
  A jelly (D)
  Ijyb (D)
  5 ballistomycetes (D)
30 creatures vanquished.

Vanquished Creatures (others)
  2 ballistomycete spores (D)
2 creatures vanquished.

Grand Total: 32 creatures vanquished

Notes
Turn   | Place    | Note
-------+----------+-------------------------------------------
     0 | D        | LORDOFBUTT the Spriggan Assassin began the quest for the Orb.
     0 | D        | Reached XP level 1. HP: 10/10 MP: 2/2
     2 | D        | Noticed Ijyb
    34 | D        | Killed Ijyb
    34 | D        | Reached skill level 10 in Stealth
    34 | D        | Reached XP level 2. HP: 2/14 MP: 3/3
   324 | D        | Noticed an ogre
   327 | D        | Killed an ogre
   327 | D        | Reached skill level 14 in Stealth
   327 | D        | Reached XP level 3. HP: 18/18 MP: 4/4
   327 | D        | Reached XP level 4. HP: 22/22 MP: 5/5
   336 | D        | Noticed Sigmund
   339 | D        | Killed Sigmund
   339 | D        | Reached skill level 18 in Stealth
   339 | D        | Reached XP level 5. HP: 25/25 MP: 6/6
   352 | D        | Found a deep blue altar of Sif Muna.
   354 | D        | Found a radiant altar of Vehumet.
   358 | D        | Reached XP level 6. HP: 30/30 MP: 7/7
   365 | D        | Found a viscous altar of Jiyva.
   365 | D        | Found a corrupted altar of Lugonu.
   365 | D        | Noticed a slime creature
   366 | D        | Found a burning altar of Makhleb.
   366 | D        | Found a shimmering altar of Xom.
   369 | D        | Killed a slime creature
   369 | D        | Reached skill level 20 in Stealth
   385 | D        | Found Toqy's Antique Weapon Emporium.
   385 | D        | Found an ancient bone altar of Kikubaaqudgha.
   385 | D        | Found a hazy altar of Hepliaklqana.
   385 | D        | Found a stormy altar of Qazlal.
   385 | D        | Found a hide-covered altar of Uskayaw.
   385 | D        | Found a blossoming altar of Fedhas.
   385 | D        | Found a bloodstained altar of Trog.
   385 | D        | Found an iron altar of Okawaru.
   385 | D        | Found a basalt altar of Yredelemnul.
   385 | D        | Found a glowing golden altar of the Shining One.
   385 | D        | Found a snail-covered altar of Cheibriados.
   385 | D        | Found a sacrificial altar of Ru.
   385 | D        | Found a glowing silver altar of Zin.
   385 | D        | Found a shadowy altar of Dithmenos.
   385 | D        | Found a white marble altar of Elyvilon.
   385 | D        | Noticed a yak
   386 | D        | Found an opulent altar of Gozag.
   387 | D        | Killed a yak
   387 | D        | Reached skill level 21 in Stealth
   387 | D        | Reached XP level 7. HP: 33/33 MP: 8/8
   388 | D        | Found a sparkling altar of Nemelex Xobeh.
   401 | D        | Became a worshipper of Dithmenos the Shadowed
   433 | D        | Noticed Sonja
   437 | D        | Killed Sonja
   437 | D        | Reached skill level 24 in Stealth
   437 | D        | Reached XP level 8. HP: 37/37 MP: 9/9
   451 | D        | Noticed a deep troll
   455 | D        | Killed a deep troll
   455 | D        | Reached skill level 26 in Stealth
   469 | D        | Found Gotaf Fog's Armour Emporium.
   479 | D        | Bought the +2 robe of Maipil {*Slow rPois Slay+5 SInv} for 456 gold pieces
   511 | D        | Noticed a centaur warrior
   512 | D        | Noticed a centaur warrior
   514 | D        | Killed a centaur warrior
   514 | D        | Reached * piety under Dithmenos
   514 | D        | Reached skill level 27 in Stealth
   514 | D        | Reached XP level 9. HP: 41/41 MP: 10/10
   530 | D        | Killed a centaur warrior
   811 | D        | Found Pypesoirr's Magic Scroll Boutique.
   859 | D        | Noticed an oklob plant
   861 | D        | Killed an oklob plant
   861 | D        | Reached ** piety under Dithmenos
   872 | D        | Reached XP level 10. HP: 26/46 MP: 11/11
  1009 | D        | Noticed an unseen horror
  1010 | D        | Noticed an unseen horror
  1016 | D        | Killed an unseen horror
  1018 | D        | Killed an unseen horror
  1018 | D        | Reached *** piety under Dithmenos
  1076 | D        | Reached skill level 15 in Short Blades
  1084 | D        | Reached **** piety under Dithmenos
  1102 | D        | Noticed a gargoyle
  1105 | D        | Killed a gargoyle
  1105 | D        | Reached ***** piety under Dithmenos
  1120 | D        | Noticed a lorocyproca
  1125 | D        | Killed a lorocyproca
  1125 | D        | Reached XP level 11. HP: 49/49 MP: 12/12
  1214 | D        | Engulfed by a cloud of freezing vapour

Skill      XL: |  1  2  3  4  5  6  7  8  9 10 |
---------------+-------------------------------+-----
Stealth        | 10 14 18 21 24 27 | 27.0
Short Blades   | 11 17 | 17.7
Fighting       | |  1.5
Throwing       | |  2.0
Dodging        | |  1.5

Action                   |  1- 3 |  4- 6 |  7- 9 | 10-12 || total
-------------------------+-------+-------+-------+-------++-------
Melee: Dagger            |    22 |     4 |    52 |    11 ||    89
 Fire: Blowgun           |     6 |       |     3 |       ||     9
 Stab: Sleeping          |     1 |     4 |     7 |    11 ||    23
Armor: Robe              |       |       |     2 |       ||     2
Dodge: Dodged            |    13 |       |     8 |       ||    21
